Map: [ESL] Babylon

Players

RiSky

  • Race: Zerg Zerg
  • League: Master
  • Spawn Location: 5:00

LiquidElazer (Elazer) - Winner!

  • Race: Zerg Zerg
  • League: Master
  • Spawn Location: 11:00

Event: HomeStory Cup XXIII

VOD

Have the link to the VOD?

Description

Time

  • Played on: July 1, 2023, 7:32 a.m.
  • Length: 7:59

All games in this series

Show
View Real Time Build Order
Export as new Build Order

RiSky Zerg 

Build Orders: Hatch First, Lurkers 

Get SALT Encoding   

  12  0:00  Drone  
  13  0:11  Overlord  
  13  0:16  Drone  
  14  0:30  Drone x2  
  16  0:47  Hatchery  
  15  0:51  Drone  
  15  0:54  Drone  
  17  0:58  Drone  
  18  1:08  Extractor  
  17  1:13  Spawning Pool  
  17  1:16  Drone  
  17  1:20  Drone  
  18  1:27  Drone  
  19  1:38  Drone  
  20  1:48  Drone  
  21  2:00  Drone, Queen x2, Overlord  
  26  2:10  Drone x2  
  28  2:21  Drone x2  
  30  2:31  Drone x2  
  30  2:36  Queen x2  
  36  2:41  Overlord  
  36  2:42  Overlord  
  36  2:59  Drone x2  
  36  3:03  Drone x2  
  40  3:07  Overlord  
  40  3:08  Drone x5  
  45  3:16  Drone x2  
  47  3:21  Evolution Chamber  
  47  3:23  Roach Warren  
  47  3:26  Drone  
  46  3:28  Drone  
  46  3:29  Lair  
  47  3:38  Drone  
  47  3:39  Drone  
  49  3:45  Extractor  
  49  3:46  Extractor, Drone x2  
  49  3:47  Drone x4  
  53  3:51  Overlord, Zerg Ground Armor Level 1  
  53  3:54  Drone  
  54  3:58  Extractor, Metabolic Boost  
  54  4:01  Drone  
  55  4:02  Drone  
  55  4:12  Drone x2  
  55  4:16  Hatchery  
  55  4:17  Overlord  
  56  4:20  Zergling x4  
  58  4:25  Zergling x6  
  58  4:29  Infestation Pit  
  58  4:31  Hydralisk Den  
  59  4:33  Zergling x4  
  59  4:37  Zergling x2  
  62  4:40  Zergling x2  
  63  4:48  Zergling x2  
  63  4:49  Zergling x6, Evolution Chamber  
  63  4:52  Zergling x6  
  69  5:00  Zergling x2  
  69  5:03  Zergling x2  
  69  5:04  Lurker Den  
  70  5:10  Zergling x2, Hive  
  70  5:12  Overlord  
  71  5:18  Overlord  
  71  5:19  Overlord x2  
  71  5:24  Hydralisk x2  
  71  5:27  Zerg Missile Weapons Level 1  
  75  5:31  Hydralisk  
  75  5:34  Hydralisk  
  79  5:38  Zergling x4  
  79  5:40  Zergling x2  
  81  5:45  Drone x3  
  85  5:50  Drone x2  
  85  5:51  Drone x2  
  85  5:55  Drone  
  85  5:56  Drone  
  90  5:58  Drone  
  90  5:59  Drone  
  90  6:02  Drone x2  
  94  6:08  Drone  
  91  6:13  Drone  
  91  6:14  Lurker x4  
  91  6:15  Zergling x2  
  95  6:19  Zergling x2  
  95  6:20  Extractor  
  95  6:21  Extractor  
  95  6:22  Zergling x2  
  95  6:24  Zergling x6  
  95  6:25  Seismic Spines  
  98  6:30  Zergling x8  
  99  6:34  Zergling x2  
  98  6:41  Zergling x6  
  98  6:49  Zergling x6  
  98  6:53  Zergling x6  
  90  6:56  Zergling x4  
  90  6:57  Zergling x4  
  83  7:04  Zergling x10  
  74  7:17  Zergling x6  
  74  7:22  Zergling x6  
  77  7:25  Hydralisk x2  
  77  7:26  Hydralisk  
  83  7:33  Hydralisk  
  83  7:35  Spore Crawler  
  88  7:39  Spore Crawler  
  87  7:51  Lurker  
Show
View Real Time Build Order
Export as new Build Order

LiquidElazer Zerg - Winner!

Build Orders: Hatch First 

Get SALT Encoding   

  12  0:00  Drone  
  13  0:11  Overlord  
  13  0:16  Drone  
  14  0:30  Drone x2  
  16  0:47  Hatchery  
  15  0:50  Drone  
  15  0:54  Drone  
  17  0:57  Drone  
  18  1:08  Extractor  
  17  1:13  Spawning Pool  
  17  1:16  Drone  
  17  1:20  Drone  
  18  1:28  Drone  
  19  1:38  Drone  
  20  1:49  Drone  
  21  1:59  Queen x2  
  21  2:00  Zergling x2  
  26  2:02  Overlord  
  26  2:09  Metabolic Boost  
  26  2:10  Drone  
  26  2:11  Drone  
  28  2:21  Drone x2  
  30  2:33  Hatchery  
  30  2:36  Drone  
  30  2:39  Drone  
  31  2:45  Overlord  
  31  2:47  Drone  
  32  2:56  Drone  
  32  2:57  Drone  
  34  3:06  Drone x2  
  34  3:08  Drone x4  
  34  3:10  Queen  
  42  3:14  Overlord  
  42  3:16  Drone  
  43  3:28  Roach Warren  
  43  3:30  Drone x2  
  44  3:36  Overlord  
  44  3:38  Drone x5  
  49  3:43  Drone x2  
  49  3:45  Overlord  
  50  3:51  Drone x2  
  50  3:55  Extractor, Lair  
  52  3:57  Extractor, Drone  
  51  4:03  Drone, Evolution Chamber  
  51  4:04  Drone  
  51  4:07  Drone  
  53  4:10  Drone x2  
  53  4:11  Drone x2  
  53  4:12  Drone  
  58  4:20  Overlord  
  58  4:24  Extractor, Drone x5  
  63  4:28  Zerg Missile Weapons Level 1  
  63  4:30  Roach  
  64  4:37  Overlord  
  64  4:38  Overlord, Pneumatized Carapace  
  64  4:42  Roach x3  
  64  4:43  Roach  
  72  4:46  Roach x2  
  72  4:51  Glial Reconstitution  
  72  4:52  Extractor  
  75  4:53  Overlord x2  
  75  4:55  Roach  
  75  4:59  Roach  
  79  5:00  Roach  
  79  5:04  Overlord  
  79  5:05  Overlord  
  81  5:07  Roach x2  
  81  5:13  Roach x2  
  89  5:16  Roach x2  
  89  5:21  Roach x3  
  99  5:25  Overlord  
  99  5:31  Roach x3  
  99  5:32  Roach  
  107  5:38  Roach  
  107  5:39  Roach x3  
  107  5:42  Roach  
  117  5:46  Overlord  
  117  5:47  Overseer  
  117  5:49  Roach  
  121  5:50  Roach  
  121  5:53  Roach x2  
  125  5:57  Roach x2  
  125  6:02  Roach x3  
  135  6:05  Roach  
  137  6:18  Drone x7  
  144  6:28  Overseer  
  144  6:29  Overlord  
  144  6:31  Hatchery  
  144  6:32  Ravager  
  144  6:33  Drone x2  
  144  6:38  Overlord x2  
  122  6:55  Roach  
  122  6:56  Roach x6  
  122  7:01  Roach x5  
  120  7:09  Roach x2  
  121  7:17  Roach x7  
  137  7:22  Roach  
  137  7:26  Ravager  
  137  7:27  Ravager x3  
  141  7:30  Roach x2  
  163  7:50  Ravager  
Tags
 
Add a new tag
Caveats
  • Supply blocks, unpowered buildings, or Contaminate may cause inaccurate times.
  • Supply counts are checked every 10 seconds.